 Dungeon Crawl Stone Soup version 0.22.1-1-ga44c0e56f4 (webtiles) character file.

100 JedernureinKreuz the Conjurer (level 4, 0/33 HPs)
             Began as a Demigod Conjurer on Sept 25, 2018.
             Succumbed to a gnoll's poison
             ... on level 2 of the Dungeon.
             The game lasted 00:06:28 (2434 turns).

JedernureinKreuz the Conjurer (Demigod Conjurer)    Turns: 2434, Time: 00:06:29

Health: 0/33       AC:  3    Str: 11    XL:     4   Next: 23%
Magic:  5/9        EV: 12    Int: 21    God:
Gold:   162        SH:  0    Dex: 16    Spells: 6/7 levels left

rFire    . . .     SeeInvis .   r - +0 short sword
rCold    . . .     Gourm    .   (no shield)
rNeg     . . .     Faith    .   o - +0 leather armour
rPois    .         Spirit   .   (no helmet)
rElec    .         Reflect  .   (no cloak)
rCorr    .         Harm     .   (no gloves)
MR       .....                  (no boots)
Stlth    ++........             (no amulet)
HPRegen  0.11/turn              (no ring)
MPRegen  0.11/turn              (no ring)

@: lethally poisoned (0 -> -17)
A: high mp 1
a: no special abilities


You were on level 2 of the Dungeon.
You were hungry.

You visited 1 branch of the dungeon, and saw 3 of its levels.

You collected 162 gold pieces.

Inventory:

Hand Weapons
 k - a +0 dagger
 q - a +0 rapier
 r - a +0 short sword (weapon)
Missiles
 p - 23 sling bullets
Armour
 a - a +0 robe
 o - a +0 leather armour (worn)
Jewellery
 d - an uncursed ring of positive energy {unknown}
 j - an uncursed ring of protection from cold {unknown}
Scrolls
 b - a scroll of noise {unknown}
 f - a scroll of blinking {unknown}
 h - 2 scrolls of amnesia {unknown}
 l - a scroll of identify {unknown}
 m - a scroll of remove curse {unknown}
 s - a scroll of immolation {unknown}
Potions
 e - a potion of mutation {unknown}
 g - 2 potions of cancellation {unknown}
 i - a potion of curing {unknown}
 n - 2 potions of heal wounds {unknown}
Comestibles
 c - 5 rations


   Skills:
 + Level 0.8 Short Blades
 + Level 2.2 Dodging
 + Level 2.3 Stealth
 - Level 1.1 Unarmed Combat
 + Level 2.1 Spellcasting
 + Level 4.4 Conjurations


You had 6 spell levels left.
You knew the following spells:

 Your Spells              Type           Power        Failure   Level  Hunger
a - Magic Dart            Conj           ###.         3%          1    #......

Your spell library contained the following spells:

 Spells                   Type           Power        Failure   Level  Hunger
 Searing Ray              Conj           ###...       4%          2    ##.....
 Dazzling Spray           Conj/Hex       ##....       22%         3    ###....
 Iskenderun's Mystic Bla  Conj           ###.....     30%         4    #####..
 Force Lance              Conj/Tloc      ##......     58%         4    #####..
 Fulminant Prism          Conj/Hex       ##........   58%         4    #####..


Dungeon Overview and Level Annotations

Branches:
Dungeon (3/15)


Innate Abilities, Weirdness & Mutations

You have an increased reservoir of magic. (+10% MP)


Message History

* * * LOW HITPOINT WARNING * * *
You feel sick. The adder misses you.
Casting: Magic Dart (safe; 3% risk of failure)
Confirm with . or Enter, or press ? or * to list all spells.
Aiming: Magic Dart (safe; 3% risk of failure)
Press: ? - help, Shift-Dir - straight line, f/p - adder
Aim: an adder (heavily wounded)
The magic dart hits the adder.
The adder is severely wounded.
* * * LOW HITPOINT WARNING * * *
You feel sick. The adder bites you.
* * * LOW HITPOINT WARNING * * *
Casting: Magic Dart (safe; 3% risk of failure)
Confirm with . or Enter, or press ? or * to list all spells.
Aiming: Magic Dart (safe; 3% risk of failure)
Press: ? - help, Shift-Dir - straight line, f/p - adder
Aim: an adder (severely wounded)
The magic dart hits the adder.
The adder is almost dead.
You die...

#.#.#####.###.##
#.#.......# #.#
#####.######### #.#
#.......# ##+##
#.###.#.# ##...##
#.###..<# ##.....##
#.......## ##.....).##
#####....####...<.....#
#...@.....'.........'
#...[S.(###.........#
#.......# ##.......##
###...### ##.....##
#...# ##...## ##.##
#.### #.# #.# #.# #.#
#####.### ###.###


You could see an adder.

Vanquished Creatures
  2 gnolls
  3 adders (D:2)
  3 worms
  2 dart slugs
  A leopard gecko (D:1)
  3 orcs
  7 bats
  A bat zombie (D:2)
  3 goblins (D:1)
  2 hobgoblins (D:3)
  2 jackals
  A kobold (D:2)
  A quokka (D:2)
  2 frilled lizards (D:2)
  6 rats
  4 rat zombies (D:2)
43 creatures vanquished.

Notes
Turn   | Place    | Note
-------+----------+-------------------------------------------
     0 | D:1      | JedernureinKreuz the Demigod Conjurer began the quest for
                  | the Orb.
     0 | D:1      | Reached XP level 1. HP: 14/14 MP: 5/5
   307 | D:1      | Reached skill level 4 in Conjurations
   307 | D:1      | Reached XP level 2. HP: 20/20 MP: 4/7
   697 | D:2      | Reached skill level 1 in Unarmed Combat
  1190 | D:2      | Found an ancient bone altar of Kikubaaqudgha.
  1298 | D:2      | Reached XP level 3. HP: 26/26 MP: 6/8
  2206 | D:3      | Reached XP level 4. HP: 11/33 MP: 2/9
  2433 | D:2      | HP: 1/33 [adder (2)]
  2434 | D:2      | Succumbed to a gnoll's poison

Skill      XL: |  1  2  3 |
---------------+----------+-----
Conjurations   | 4 |  4.4
Unarmed Combat | 1 |  1.1
Stealth        | 2 |  2.3
Dodging        | 2 |  2.2
Spellcasting   | 2 |  2.1
Short Blades   | |  0.8

Action                   |  1- 3 |  4- 6 || total
-------------------------+-------+-------++-------
Melee: Unarmed           |     4 |       ||     4
       Dagger            |    18 |       ||    18
       Short sword       |     7 |       ||     7
 Cast: Magic Dart        |    93 |    21 ||   114
 Stab: Sleeping          |     2 |       ||     2
  Eat: Chunk             |     4 |     1 ||     5
Armor: Robe              |     1 |       ||     1
       Leather armour    |     8 |       ||     8
Dodge: Dodged            |    23 |    15 ||    38
